TOP OF THE 1ST |
Los Angeles Dodgers batting - Pitching for New York Mets : LHP Steve Kelly
|
Pitching: LHP Steve Kelly
|
|
Batting: RHB Clay Buchanan
|
0-0: Called Strike 0-1: Fly out, F7 (Flyball, 7S, EV 91.9 MPH)
|
Batting: SHB Shane Marcum
|
0-0: Called Strike 0-1: Ball 1-1: Ball 2-1: Fly out, F9 (Flyball, 9D, EV 106.2 MPH)
|
Batting: LHB Lirak Bazhunaishvili
|
0-0: Ball 1-0: Ball 2-0: SINGLE (Line Drive, 78M, EV 105.0 MPH)
|
Batting: RHB Rocky Campbell
|
0-0: Fly out, F9 (Line Drive, 89M, EV 110.0 MPH)
|
Top of the 1st over - 0 runs, 1 hit, 0 errors, 1 left on base; Los Angeles 0 - New York 0 |
BOTTOM OF THE 1ST |
New York Mets batting - Pitching for Los Angeles Dodgers : RHP Michael Walsh
|
Pitching: RHP Michael Walsh
|
|
Batting: SHB Nelle van den Berg
|
0-0: Called Strike 0-1: Ground out 6-3 (Groundball, 6, EV 84.4 MPH)
|
Batting: LHB Kevin Bellman
|
0-0: Ball 1-0: Ground out 1-3 (Groundball, 34S, EV 63.8 MPH)
|
Batting: SHB Sean Cook
|
0-0: Ball 1-0: Ball 2-0: Ball 3-0: Called Strike 3-1: Ground out 6-3 (Groundball, 6M, EV 95.0 MPH)
|
Bottom of the 1st over - 0 runs, 0 hits, 0 errors, 0 left on base; Los Angeles 0 - New York 0 |
TOP OF THE 2ND |
Los Angeles Dodgers batting - Pitching for New York Mets : LHP Steve Kelly
|
Batting: RHB Danny Dyer
|
0-0: Called Strike 0-1: Foul Ball, location: 2F 0-2: Ball 1-2: Fly out, F7 (Flyball, 78D, EV 108.8 MPH)
|
Batting: LHB R.J. O'Brien
|
0-0: Ground out U3 (Groundball, 3, EV 83.1 MPH)
|
Batting: RHB Wing-kit Bu
|
0-0: DOUBLE (Line Drive, 3D, EV 95.6 MPH)
|
Batting: LHB Juan Concepcion
|
0-0: Ball 1-0: Foul Ball, location: 2F 1-1: Ball 2-1: Called Strike 2-2: Ball 3-2: Base on Balls
|
Batting: LHB Frank Mullen
|
0-0: Ball 1-0: Ball 2-0: Ball 3-0: Called Strike 3-1: Called Strike 3-2: Base on Balls Wing-kit Bu to third Juan Concepcion to second
|
Batting: RHB Clay Buchanan
|
0-0: Swinging Strike 0-1: Ball 1-1: Ball 2-1: Called Strike 2-2: Ball 3-2: Base on Balls Wing-kit Bu scores Juan Concepcion to third Frank Mullen to second
|
Batting: SHB Shane Marcum
|
0-0: Ball 1-0: Hit by Pitch Juan Concepcion scores Frank Mullen to third Clay Buchanan to second
|
Batting: LHB Lirak Bazhunaishvili
|
0-0: Ball 1-0: Ball 2-0: SINGLE (Groundball, 34D, EV 107.5 MPH) Frank Mullen scores Clay Buchanan to third Shane Marcum to second Runner from 3rd tries for Home, SAFE, throw by RF to home
|
Batting: RHB Rocky Campbell
|
0-0: Ball 1-0: Foul Ball, location: 2F 1-1: Swinging Strike 1-2: Ball 2-2: Strikes out swinging
|
Top of the 2nd over - 4 runs, 2 hits, 0 errors, 2 left on base; Los Angeles 4 - New York 0 |
BOTTOM OF THE 2ND |
New York Mets batting - Pitching for Los Angeles Dodgers : RHP Michael Walsh
|
Batting: SHB Harry Hoop
|
0-0: Called Strike 0-1: Called Strike 0-2: Ball 1-2: SINGLE (Groundball, 5S, EV 66.2 MPH) (infield hit)
|
Batting: SHB Gus Berry
|
0-0: Ball 1-0: Called Strike 1-1: Ball 2-1: Ball 3-1: Foul Ball, location: 2F 3-2: Base on Balls Harry Hoop to second
|
Batting: SHB Jonathan Jenkins
|
0-0: Ball 1-0: Ball 2-0: Called Strike 2-1: Fly out, F7 (Flyball, 78M, EV 78.8 MPH)
|
Batting: RHB Jesus Chavez
|
0-0: Called Strike Harry Hoop steals 3rd base Gus Berry to second 0-1: Swinging Strike 0-2: Ground out 6-3 (Groundball, 6, EV 83.1 MPH) Harry Hoop scores Gus Berry to third
|
Batting: SHB Javy Rosa
|
0-0: Called Strike 0-1: Fly out, F9 (Flyball, 89M, EV 88.1 MPH)
|
Bottom of the 2nd over - 1 run, 1 hit, 0 errors, 1 left on base; Los Angeles 4 - New York 1 |
TOP OF THE 3RD |
Los Angeles Dodgers batting - Pitching for New York Mets : LHP Steve Kelly
|
Batting: RHB Danny Dyer
|
0-0: Ball 1-0: Called Strike 1-1: Foul Ball, location: 2F 1-2: Ball 2-2: Foul Ball, location: 2F 2-2: Ground out 3-1 (Groundball, 34S, EV 86.2 MPH)
|
Batting: LHB R.J. O'Brien
|
0-0: Ball 1-0: Called Strike 1-1: Ground out 2-3 (Groundball, 15S, EV 70.0 MPH)
|
Batting: RHB Wing-kit Bu
|
0-0: Ball 1-0: Ball 2-0: Called Strike 2-1: Called Strike 2-2: Strikes out swinging
|
Top of the 3rd over - 0 runs, 0 hits, 0 errors, 0 left on base; Los Angeles 4 - New York 1 |
BOTTOM OF THE 3RD |
New York Mets batting - Pitching for Los Angeles Dodgers : RHP Michael Walsh
|
Batting: RHB Billy Walker
|
0-0: Swinging Strike 0-1: Foul Ball, location: 2F 0-2: Ball 1-2: Ground out 1-3 (Groundball, P, EV 68.1 MPH)
|
Batting: SHB Nelle van den Berg
|
0-0: Ball 1-0: Foul Ball, location: 2F 1-1: Ball 2-1: Foul Ball, location: 2F 2-2: Ground out 4-3 (Groundball, 4, EV 86.2 MPH)
|
Batting: LHB Kevin Bellman
|
0-0: Swinging Strike 0-1: Swinging Strike 0-2: Strikes out swinging, 2-3 out at first.
|
Bottom of the 3rd over - 0 runs, 0 hits, 0 errors, 0 left on base; Los Angeles 4 - New York 1 |
TOP OF THE 4TH |
Los Angeles Dodgers batting - Pitching for New York Mets : LHP Steve Kelly
|
Batting: LHB Juan Concepcion
|
0-0: Swinging Strike 0-1: Ball 1-1: Called Strike 1-2: Strikes out looking
|
Batting: LHB Frank Mullen
|
0-0: Called Strike 0-1: Ball 1-1: Called Strike 1-2: Foul Ball, location: 2F 1-2: Ground out 4-3 (Groundball, 4S, EV 83.8 MPH)
|
Batting: RHB Clay Buchanan
|
0-0: Called Strike 0-1: Ball 1-1: Fly out, F9 (Flyball, 9LM, EV 76.9 MPH)
|
Top of the 4th over - 0 runs, 0 hits, 0 errors, 0 left on base; Los Angeles 4 - New York 1 |
BOTTOM OF THE 4TH |
New York Mets batting - Pitching for Los Angeles Dodgers : RHP Michael Walsh
|
Batting: SHB Sean Cook
|
0-0: Called Strike 0-1: Ball 1-1: Foul Ball, location: 2F 1-2: Fly out, F7 (Flyball, 7S, EV 87.5 MPH)
|
Batting: SHB Harry Hoop
|
0-0: Ball 1-0: Called Strike 1-1: Ball 2-1: SINGLE (Groundball, 34D, EV 96.9 MPH)
|
Batting: SHB Gus Berry
|
0-0: Called Strike 0-1: Ball 1-1: Fly out, F9 (Flyball, 9D, EV 105.6 MPH)
|
Batting: SHB Jonathan Jenkins
|
0-0: Called Strike 0-1: Foul Ball, location: 2F 0-2: Ball 1-2: Ball 2-2: Ball 3-2: Fly out, F7 (Flyball, 78M, EV 90.6 MPH)
|
Bottom of the 4th over - 0 runs, 1 hit, 0 errors, 1 left on base; Los Angeles 4 - New York 1 |
TOP OF THE 5TH |
Los Angeles Dodgers batting - Pitching for New York Mets : LHP Steve Kelly
|
Batting: SHB Shane Marcum
|
0-0: Fly out, F8 (Flyball, 78D, EV 95.0 MPH)
|
Batting: LHB Lirak Bazhunaishvili
|
0-0: Called Strike 0-1: Foul Ball, location: 2F 0-2: Ball 1-2: Ground out 6-3 (Groundball, P, EV 86.2 MPH)
|
Batting: RHB Rocky Campbell
|
0-0: Foul Ball, location: 2F 0-1: Ball 1-1: Fly out, F9 (Flyball, 9D, EV 98.8 MPH)
|
Top of the 5th over - 0 runs, 0 hits, 0 errors, 0 left on base; Los Angeles 4 - New York 1 |
BOTTOM OF THE 5TH |
New York Mets batting - Pitching for Los Angeles Dodgers : RHP Michael Walsh
|
Batting: RHB Jesus Chavez
|
0-0: Foul Ball, location: 2F 0-1: Ball 1-1: Foul Ball, location: 2F 1-2: Ball 2-2: Foul Ball, location: 2F 2-2: Ball 3-2: Base on Balls
|
Batting: SHB Javy Rosa
|
0-0: Called Strike 0-1: Called Strike 0-2: Strikes out swinging
|
Batting: RHB Billy Walker
|
0-0: Called Strike 0-1: Ball 1-1: Ball 2-1: Called Strike 2-2: Fly out, F9 (Flyball, 9LM, EV 92.5 MPH)
|
Batting: SHB Nelle van den Berg
|
0-0: Ball 1-0: Ball 2-0: Swinging Strike 2-1: Swinging Strike 2-2: Strikes out swinging
|
Bottom of the 5th over - 0 runs, 0 hits, 0 errors, 1 left on base; Los Angeles 4 - New York 1 |
TOP OF THE 6TH |
Los Angeles Dodgers batting - Pitching for New York Mets : LHP Steve Kelly
|
Batting: RHB Danny Dyer
|
0-0: Foul Ball, location: 2F 0-1: Called Strike 0-2: Fly out, F4 (Flyball, 34D, EV 81.9 MPH)
|
Batting: LHB R.J. O'Brien
|
0-0: Called Strike 0-1: Foul Ball, location: 2F 0-2: Fly out, F7 (Flyball, 7D, EV 100.0 MPH)
|
Batting: RHB Wing-kit Bu
|
0-0: Ball 1-0: Ball 2-0: Ball 3-0: Base on Balls
|
Batting: LHB Juan Concepcion
|
0-0: Called Strike 0-1: Ball 1-1: Fly out, F9 (Flyball, 9D, EV 101.9 MPH)
|
Top of the 6th over - 0 runs, 0 hits, 0 errors, 1 left on base; Los Angeles 4 - New York 1 |
BOTTOM OF THE 6TH |
New York Mets batting - Pitching for Los Angeles Dodgers : RHP Michael Walsh
|
Batting: LHB Kevin Bellman
|
0-0: Swinging Strike 0-1: Fly out, F4 (Popup, 4, EV 60.0 MPH)
|
Batting: SHB Sean Cook
|
0-0: Ball 1-0: Ball 2-0: Ball 3-0: Called Strike 3-1: Foul Ball, location: 2F 3-2: Strikes out swinging
|
Batting: SHB Harry Hoop
|
0-0: Foul Ball, location: 2F 0-1: Ball 1-1: Ball 2-1: Swinging Strike 2-2: Ball 3-2: Strikes out looking
|
Bottom of the 6th over - 0 runs, 0 hits, 0 errors, 0 left on base; Los Angeles 4 - New York 1 |
TOP OF THE 7TH |
Los Angeles Dodgers batting - Pitching for New York Mets : LHP Steve Kelly
|
Batting: LHB Frank Mullen
|
0-0: Swinging Strike 0-1: Foul Ball, location: 2F 0-2: Ball 1-2: Fly out, F7 (Flyball, 7D, EV 88.8 MPH)
|
Batting: RHB Clay Buchanan
|
0-0: Ball 1-0: Foul Ball, location: 2F 1-1: Ball 2-1: SINGLE (Line Drive, 6D, EV 98.1 MPH)
|
Pitching: LHP Josh Taylor
|
|
Batting: SHB Shane Marcum
|
0-0: Called Strike 0-1: Ball 1-1: TRIPLE (Line Drive, 89XD, EV 105.6 MPH) Clay Buchanan scores
|
Batting: LHB Lirak Bazhunaishvili
|
0-0: Called Strike 0-1: Called Strike 0-2: Ball 1-2: Ball 2-2: Strikes out swinging
|
Batting: RHB Rocky Campbell
|
0-0: Called Strike 0-1: Ball 1-1: Called Strike 1-2: Foul Ball, location: 2F 1-2: Ball 2-2: Ball 3-2: Foul Ball, location: 2F 3-2: Base on Balls
|
Batting: RHB Danny Dyer
|
0-0: Foul Ball, location: 2F 0-1: Ball 1-1: Foul Ball, location: 2F 1-2: Fly out, F9 (Flyball, 9LM, EV 86.2 MPH)
|
Top of the 7th over - 1 run, 2 hits, 0 errors, 2 left on base; Los Angeles 5 - New York 1 |
BOTTOM OF THE 7TH |
New York Mets batting - Pitching for Los Angeles Dodgers : RHP Michael Walsh
|
Batting: SHB Gus Berry
|
0-0: Called Strike 0-1: Called Strike 0-2: Ball 1-2: Strikes out looking
|
Batting: SHB Jonathan Jenkins
|
0-0: Ball 1-0: SINGLE (Groundball, 34D, EV 98.1 MPH)
|
Batting: RHB Jesus Chavez
|
0-0: Ball 1-0: Foul Ball, location: 2F 1-1: Ball 2-1: DOUBLE (Line Drive, 7LS, EV 104.4 MPH) Jonathan Jenkins to third
|
Pitching: RHP Joon-ho Rhee
|
|
Batting: SHB Javy Rosa
|
0-0: Called Strike 0-1: Swinging Strike 0-2: Strikes out swinging
|
Batting: RHB Billy Walker
|
0-0: Ball 1-0: Ball 2-0: Ball 3-0: Foul Ball, location: 2F 3-1: Fly out, F8 (Flyball, 89D, EV 106.9 MPH)
|
Bottom of the 7th over - 0 runs, 2 hits, 0 errors, 2 left on base; Los Angeles 5 - New York 1 |
TOP OF THE 8TH |
Los Angeles Dodgers batting - Pitching for New York Mets : LHP Josh Taylor
|
Pitching: RHP Casey Cuomo
|
|
Batting: LHB R.J. O'Brien
|
0-0: Ball 1-0: Ground out 6-3 (Groundball, 6S, EV 93.1 MPH)
|
Batting: RHB Wing-kit Bu
|
0-0: Foul Ball, location: 2F 0-1: Foul Ball, location: 2F 0-2: SOLO HOME RUN (Flyball, 7D, EV 95.0 MPH), Distance : 371 ft
|
Batting: LHB Juan Concepcion
|
0-0: Ball 1-0: Swinging Strike 1-1: Foul Ball, location: 2F 1-2: Ball 2-2: Ball 3-2: Foul Ball, location: 2F 3-2: Strikes out looking
|
Batting: LHB Frank Mullen
|
0-0: Ball 1-0: Ball 2-0: Ground out U3 (Groundball, 3, EV 84.4 MPH)
|
Top of the 8th over - 1 run, 1 hit, 0 errors, 0 left on base; Los Angeles 6 - New York 1 |
BOTTOM OF THE 8TH |
New York Mets batting - Pitching for Los Angeles Dodgers : RHP Joon-ho Rhee
|
Batting: SHB Nelle van den Berg
|
0-0: Swinging Strike 0-1: Swinging Strike 0-2: Strikes out looking
|
Batting: LHB Kevin Bellman
|
0-0: Called Strike 0-1: Ball 1-1: Ball 2-1: Foul Ball, location: 2F 2-2: Fly out, F5 (Popup, 5S, EV 70.0 MPH)
|
Batting: SHB Sean Cook
|
0-0: Ball 1-0: Ball 2-0: Foul Ball, location: 2F 2-1: Swinging Strike 2-2: SINGLE (Groundball, 56D, EV 93.8 MPH)
|
Batting: SHB Harry Hoop
|
0-0: Ball 1-0: Ball 2-0: Ball 3-0: Base on Balls Sean Cook to second
|
Batting: SHB Gus Berry
|
0-0: Ball 1-0: Foul Ball, location: 2F 1-1: Foul Ball, location: 2F 1-2: Strikes out swinging
|
Bottom of the 8th over - 0 runs, 1 hit, 0 errors, 2 left on base; Los Angeles 6 - New York 1 |
TOP OF THE 9TH |
Los Angeles Dodgers batting - Pitching for New York Mets : RHP Casey Cuomo
|
Batting: RHB Clay Buchanan
|
0-0: Ball 1-0: Called Strike 1-1: Ball 2-1: Fly out, F8 (Flyball, 8LXD, EV 98.8 MPH)
|
Batting: SHB Shane Marcum
|
0-0: Called Strike 0-1: Foul Ball, location: 2F 0-2: Ball 1-2: Strikes out swinging
|
Batting: LHB Lirak Bazhunaishvili
|
0-0: Called Strike 0-1: Ball 1-1: Foul Ball, location: 2F 1-2: Ball 2-2: Foul Ball, location: 2F 2-2: Strikes out looking
|
Top of the 9th over - 0 runs, 0 hits, 0 errors, 0 left on base; Los Angeles 6 - New York 1 |
BOTTOM OF THE 9TH |
New York Mets batting - Pitching for Los Angeles Dodgers : RHP Joon-ho Rhee
|
Batting: SHB Jonathan Jenkins
|
0-0: Called Strike 0-1: Foul Ball, location: 2F 0-2: Fly out, F8 (Flyball, 78D, EV 100.6 MPH)
|
Batting: RHB Jesus Chavez
|
0-0: Ball 1-0: Ball 2-0: Fly out, F6 (Popup, 6MD, EV 49.4 MPH)
|
Batting: SHB Javy Rosa
|
0-0: Ball 1-0: Called Strike 1-1: Ball 2-1: Called Strike 2-2: Foul Ball, location: 2F 2-2: Ball 3-2: Foul Ball, location: 2F 3-2: SINGLE (Line Drive, 7S, EV 103.8 MPH)
|
Pitching: RHP Adam Bucci
|
|
Batting: RHB Billy Walker
|
0-0: Called Strike 0-1: Called Strike 0-2: Ground out 5-3 (Groundball, 56S, EV 88.1 MPH)
|
Bottom of the 9th over - 0 runs, 1 hit, 0 errors, 1 left on base; Los Angeles 6 - New York 1 |
|